 Dungeon Crawl Stone Soup version 0.17-a0-1078-g243345b (webtiles) character file.

10342 Fluffy the Cleaver (level 11, 0/102 HPs)
             Began as a Hill Orc Fighter on May 19, 2015.
             Was a High Priest of Okawaru.
             Slain by an ettin
             ... wielding a +0 dire flail
              (1 damage)
             ... on level 3 of the Orcish Mines.
             The game lasted 00:26:46 (10610 turns).

Fluffy the Cleaver (Hill Orc Fighter)              Turns: 10610, Time: 00:26:47

Health: 0/102      AC: 21    Str: 20    XL:     11   Next: 60%
Magic:  17/19      EV:  7    Int:  8    God:    Okawaru [*****.]
Gold:   2185       SH: 10    Dex: 13    Spells: 0 memorised, 10 levels left

rFire  . . .     SeeInvis .     w - +1 broad axe (venom)
rCold  . . .     Clarity  .     o - +0 plate armour {rPois}
rNeg   . . .     SustAb   .     c - +0 shield
rPois  +         Gourm    .     x - +0 helmet "Qiutotui" {MR+}
rElec  .         Spirit   .     G - +0 cloak
rCorr  .         Warding  .     E - +1 pair of gloves {archery}
rMut   .         Stasis   .     (no boots)
MR     +....                    (no amulet)
Stlth  ..........               (no ring)
                                (no ring)

@: heroism, heavily drained, somewhat resistant to hostile enchantments,
extremely unstealthy
A: no striking features
a: Heroism, Finesse, Renounce Religion


You were on level 3 of the Orcish Mines.
You worshipped Okawaru.
Okawaru was extremely pleased with you.
You were not hungry.

You visited 3 branches of the dungeon, and saw 14 of its levels.

You collected 2185 gold pieces.

Inventory:

Hand weapons
 s - a +2 war axe of electrocution
 w - a +1 broad axe of venom (weapon)
 B - the +3 halberd of the Three Ships {venom, *Noise rF+ Str+6}
   (You found it on level 7 of the Dungeon)

   It poisons the flesh of those it strikes.
   It affects your strength (+6).
   It protects you from fire.
   It may make noises in combat.
Armour
 c - a +0 shield (worn)
 o - a +0 plate armour of poison resistance (worn)
 x - the +0 helmet "Qiutotui" (worn) {MR+}
   (You found it on level 5 of the Dungeon)

   It affects your resistance to hostile enchantments.
 E - a +1 pair of gloves of archery (worn)
 G - a +0 cloak (worn)
Magical devices
 y - a wand of enslavement (24)
 C - a wand of enslavement (13)
Scrolls
 h - a scroll of fog
 i - 5 scrolls of teleportation
 j - a scroll of enchant armour
 n - a scroll of recharging
 r - 5 scrolls of remove curse
Potions
 a - a potion of brilliance
 b - 3 potions of curing
 d - 2 potions of might
 g - a potion of cure mutation
 m - 4 potions of magic
 p - 2 potions of resistance
 q - 5 potions of flight
 u - 2 potions of heal wounds
 v - a potion of invisibility
Comestibles
 e - 9 bread rations
 f - 7 meat rations
 l - 5 royal jellies
 t - 2 slices of pizza
 A - 4 fruits


   Skills:
 + Level 11.5(14.5) Fighting
 + Level 12.0(15.0) Axes
 + Level 10.4(13.5) Armour
 - Level 3.2(6.6) Shields
 + Level 10.9(9.1) Invocations


You had 10 spell levels left.
You didn't know any spells.

Dungeon Overview and Level Annotations

Branches:
Dungeon (10/15)            Temple (1/1) D:4            Lair (0/8) D:9
    Orc (3/4) D:10
    Elf: Orc:3-4

Altars:
Ashenzari
Cheibriados
Dithmenos
Elyvilon
Fedhas
Gozag
Kikubaaqudgha
Makhleb
Nemelex Xobeh
Okawaru
Qazlal
Ru
Sif Muna
Trog
Vehumet
Xom
Yredelemnul
Zin

Shops:
Orc:1 [   Orc:3 :


Message History

The ettin hits you with a dire flail of draining!!
* * * LOW HITPOINT WARNING * * *
You feel drained.
* * * LOW HITPOINT WARNING * * *
Drink which item? (? for menu, Esc to quit)
You feel much better. The ettin hits you with a dire flail!!
* * * LOW HITPOINT WARNING * * *
The ettin hits you but does no damage.
You feel drained. The orc hits you but does no damage.
Use which ability? (? or * to list)
You gain the combat prowess of a mighty hero.
You feel slightly more hungry. You block the ettin's attack.
You block the ettin's attack.
You slice the ettin!!
The ettin looks even sicker.
The ettin is severely wounded.
You barely miss the orc. The orc barely misses you.
The ettin hits you with a dire flail!
* * * LOW HITPOINT WARNING * * *
The ettin hits you with a dire flail of draining.
You die...

#....................
....#..#................
...#...................#
........................
.$......................
<>.........#.#..........
.......o..........>...))
......Co...........#...†
.......@.....#.#....#...
............#..........#
........#.####..........
......$......#....#.....
..$...........#.####..#.
.............#### ....#
..............# .....
.......#.∩...## #.###
............#


You could see an ettin, an orc wizard and an orc.

Vanquished Creatures
  An unseen horror (D:10)
  5 hill giants (D:10)
  An orc knight (Orc:2)
  A troll (Orc:2)
  A two-headed ogre (D:9)
  Prince Ribbit (D:7)
  A trapdoor spider (D:9)
  3 wyverns
  4 hungry ghosts
  A hippogriff (D:10)
  An ice beast (D:8)
  6 ogres
  A sky beast (D:7)
  A phantom (D:6)
  4 black bears (D:9)
  A necrophage (D:8)
  9 orc warriors
  3 centaurs
  A crocodile (D:9)
  6 giant frogs
  4 scorpions
  2 spriggan skeletons (D:9)
  6 killer bees (D:9)
  2 crimson imps
  2 centaur zombies
  2 jellies
  A quasit (D:7)
  2 hounds
  19 orc wizards
  3 iguanas
  A centaur skeleton (D:5)
  4 giant frog skeletons
  16 orc priests
  7 worker ants
  A hound zombie (D:8)
  A hound skeleton (D:9)
  14 adders
  3 shadow imps
  2 oozes
  An adder skeleton (D:4)
  An adder zombie (D:10)
  2 worms
  5 giant geckos
  104 orcs
  A ball python (D:4)
  2 bat zombies
  6 giant cockroaches
  18 hobgoblins
  19 kobolds
  7 quokkas
  21 bats
  A giant gecko skeleton (D:9)
  9 giant newts
  26 goblins
  11 jackals
  A jackal skeleton (D:6)
  A quokka skeleton (D:4)
  A quokka zombie (D:10)
  9 rats
390 creatures vanquished.

Vanquished Creatures (others)
  An orc (Orc:3)
1 creature vanquished.

Grand Total: 391 creatures vanquished

Notes
Turn   | Place    | Note
--------------------------------------------------------------
     0 | D:1      | Fluffy the Hill Orc Fighter began the quest for the Orb.
     0 | D:1      | Reached XP level 1. HP: 19/19 MP: 1/1
    55 | D:1      | Reached XP level 2. HP: 22/27 MP: 2/2
   283 | D:1      | Reached XP level 3. HP: 20/33 MP: 3/3
   606 | D:1      | Reached skill level 4 in Fighting
  1089 | D:2      | Reached XP level 4. HP: 40/40 MP: 4/4
  1640 | D:3      | Reached XP level 5. HP: 41/47 MP: 5/5
  1688 | D:3      | Found a deep blue altar of Sif Muna.
  2125 | D:4      | Reached skill level 5 in Fighting
  2334 | D:4      | Found a shimmering altar of Xom.
  2409 | D:4      | Reached skill level 5 in Axes
  2409 | D:4      | Reached skill level 5 in Armour
  2409 | D:4      | Reached XP level 6. HP: 40/56 MP: 6/6
  2483 | D:4      | Found a staircase to the Ecumenical Temple.
  2493 | Temple   | Entered the Ecumenical Temple
  2589 | Temple   | Became a worshipper of Warmaster Okawaru
  2632 | D:4      | Reached skill level 1 in Invocations
  2643 | D:4      | Found a sacrificial altar of Ru.
  2781 | D:4      | Found a bloodstained altar of Trog.
  2808 | D:4      | Found a blossoming altar of Fedhas.
  3151 | D:4      | Reached XP level 7. HP: 58/62 MP: 8/8
  3156 | D:5      | Entered Level 5 of the Dungeon
  3164 | D:5      | Reached skill level 6 in Axes
  3165 | D:5      | Acquired Okawaru's first power
  3183 | D:5      | Got a scorched helmet
  3189 | D:5      | Identified the cursed +0 helmet "Qiutotui" {MR+} (You found it on level 5 of the Dungeon)
  3336 | D:5      | Found a radiant altar of Vehumet.
  4000 | D:6      | Reached XP level 8. HP: 65/71 MP: 10/10
  4281 | D:6      | Found a shattered altar of Ashenzari.
  4444 | D:7      | Got a crude halberd
  4450 | D:7      | Identified the +3 halberd of the Three Ships {venom, *Noise rF+ Str+6} (You found it on level 7 of the Dungeon)
  4462 | D:7      | Found a snail-covered altar of Cheibriados.
  4479 | D:7      | Reached skill level 7 in Axes
  4650 | D:7      | Noticed Prince Ribbit
  4670 | D:7      | Killed Prince Ribbit
  4670 | D:7      | Reached skill level 5 in Invocations
  4905 | D:7      | Reached skill level 8 in Axes
  4976 | D:7      | Found a stormy altar of Qazlal.
  5356 | D:8      | Reached XP level 9. HP: 81/81 MP: 13/13
  5449 | D:8      | Found a sparkling altar of Nemelex Xobeh.
  5763 | D:9      | Reached skill level 9 in Axes
  6156 | D:9      | Found a staircase to the Lair.
  6269 | D:9      | Reached XP level 10. HP: 87/91 MP: 15/15
  6368 | D:9      | Reached skill level 10 in Axes
  6385 | D:9      | Found a runed door.
  6894 | D:9      | Found an ancient bone altar of Kikubaaqudgha.
  7263 | D:9      | Found a white marble altar of Elyvilon.
  7263 | D:9      | Found a glowing silver altar of Zin.
  7288 | D:10     | Entered Level 10 of the Dungeon
  7331 | D:10     | Killed an unseen horror
  7331 | D:10     | Reached skill level 10 in Fighting
  7343 | D:10     | Found a staircase to the Orcish Mines.
  7773 | D:10     | Noticed a hill giant
  7785 | D:10     | Killed a hill giant
  7799 | D:10     | Noticed a hill giant
  7808 | D:10     | Killed a hill giant
  7808 | D:10     | Reached skill level 11 in Axes
  8155 | D:10     | Noticed a hill giant
  8168 | D:10     | Killed a hill giant
  8168 | D:10     | Acquired Okawaru's second power
  8168 | D:10     | Reached skill level 10 in Invocations
  8168 | D:10     | Reached XP level 11. HP: 66/101 MP: 18/18
  8178 | D:10     | Noticed a hill giant
  8187 | D:10     | Killed a hill giant
  8187 | D:10     | Reached skill level 10 in Armour
  8406 | D:10     | Noticed a hill giant
  8419 | D:10     | Killed a hill giant
  8834 | Orc:1    | Entered Level 1 of the Orcish Mines
  9078 | Orc:2    | Noticed an orc knight
  9104 | Orc:2    | Killed an orc knight
  9913 | Orc:2    | Reached skill level 12 in Axes
  9968 | Orc:1    | Found Lucziame's Antique Armour Emporium.
 10600 | Orc:3    | Found Firir's Book Shop.
 10601 | Orc:3    | Noticed an ettin
 10610 | Orc:3    | HP: 1/102 [ettin/dire flail (9)]
 10610 | Orc:3    | Slain by an ettin

Vault maps used:
D:1:      lightli_molten_gateway
D:2:      first_bread
D:3:      lemuel_doored_altar
D:4:      nicolae_overflow_crystal_walls, lightli_temple_of_fire,
          fedhas_altar_4, temple_statues, hangedman_decor_diamond_cutter,
          nicolae_ru_awakened_eye
D:5:      kennysheep_mini
D:6:      corexii_shack_village, lemuel_coloured_pillars_altar,
          nicolae_overflow_hidden_temple
D:7:      kennysheep_mini_moat, overflow_temple_1_default, uniq_prince_ribbit1
D:8:      nemelex_deck
D:9:      lemuel_zombie_altar_kikubaaqudgha, gammafunk_temple_overflow_statue,
          lair_0_dummy, hangedman_tell_no_tales
D:10:     orc_0_dummy, minmay_misc_feat_rugged
Temple:   circular_temple_6
Orc:1:    serial_shops, nicolae_shop_overgrown_old_shop
Orc:2:    minmay_goldmine
Orc:3:    serial_shops, shop, nicolae_orc_pool_cavern, nicolae_alphabet_shops,
          uniq_maud

Action                   |  1- 3 |  4- 6 |  7- 9 | 10-12 || total
-------------------------+-------+-------+-------+-------++-------
Melee: War axe           |   130 |   185 |       |       ||   315
       Broad axe         |       |    17 |   326 |   423 ||   766
Invok: Heroism           |       |       |     2 |     3 ||     5
  Use: Scroll            |       |       |       |    20 ||    20
       Potion            |       |       |       |     1 ||     1
  Eat: Chunk             |     1 |     7 |    12 |    16 ||    36
       Fruit             |       |       |       |     2 ||     2
